 Dungeon Crawl Stone Soup version 0.20-a0-32-gb8e7c72 (webtiles) character file.

147 Khazard the Slasher (level 5, -5/34 HPs)
             Began as a Halfling Warper on Nov 8, 2016.
             Was a Follower of Cheibriados.
             Killed by nerve-wracking pain
             ... invoked by Grinder
              (13 damage)
             ... on level 3 of the Dungeon.
             The game lasted 00:02:51 (1658 turns).

Khazard the Slasher (Halfling Warper)               Turns: 1658, Time: 00:02:52

Health: -5/34      AC: 10    Str: 13 (15) XL:     5   Next: 55%
Magic:  3/7        EV: 14    Int: 13      God:    Cheibriados [*.....]
Gold:   110        SH:  0    Dex: 15 (16) Spells: 2 memorised, 3 levels left

rFire  . . .     SeeInvis .     a - +0 long sword
rCold  . . .     Gourm    .     o - +0 ring mail
rNeg   . . .     Faith    .     (shield restricted)
rPois  .         Spirit   .     (no helmet)
rElec  .         Reflect  .     n - +1 cloak
rCorr  .         Harm     .     l - +2 pair of gloves
MR     .....                    (no boots)
Stlth  +.........               (no amulet)
                                (no ring)
                                (no ring)

@: very slow
A: mutation resistance 1
a: Bend Time, Renounce Religion


You were on level 3 of the Dungeon.
You worshipped Cheibriados.
Cheibriados was aware of your devotion.
You were not hungry.

You visited 1 branch of the dungeon, and saw 3 of its levels.

You collected 110 gold pieces.

Inventory:

Hand Weapons
 a - a +0 long sword (weapon)
 p - a +0 falchion
 v - a +1 short sword of venom
Armour
 b - a +0 leather armour
 l - a +2 pair of gloves (worn)
 n - a +1 cloak (worn)
 o - a +0 ring mail (worn)
Scrolls
 d - 2 scrolls of blinking
 g - 2 scrolls of remove curse
 i - a scroll of enchant armour {unknown}
 j - a scroll of fear
 m - a scroll of identify
 q - a scroll of teleportation {unknown}
 r - a scroll of enchant weapon {unknown}
 t - a scroll of amnesia {unknown}
Books
 c - a book of Spatial Translocations

   Spells                             Type                      Level
   a - Blink                          Translocation                2
   b - Shroud of Golubria             Charms/Translocation         2
   c - Lesser Beckoning               Translocation                3
   d - Portal Projectile              Translocation                3
   e - Teleport Other                 Translocation                3
   f - Passage of Golubria            Translocation                4
Comestibles
 f - 3 bread rations
 k - 2 meat rations


   Skills:
 + Level 2.0 Fighting
 * Level 4.1 Long Blades
 - Level 1.0 Throwing
 + Level 1.4 Armour
 + Level 3.7 Dodging
 - Level 1.5 Spellcasting
 - Level 3.2 Translocations
 + Level 0.4 Invocations


You had 3 spell levels left.
You knew the following spells:

 Your Spells              Type           Power        Failure   Level  Hunger
b - Blink                 Tloc           N/A          24%         2    ###....
c - Shroud of Golubria    Chrm/Tloc      #.........   43%         2    ###....


Dungeon Overview and Level Annotations

Branches:
Dungeon (3/15)

Altars:
Cheibriados
Fedhas
Gozag
Hepliaklqana
Okawaru
Vehumet
Yredelemnul
Zin
The Shining One

Annotations:
D:3 Grinder


Innate Abilities, Weirdness & Mutations

You are small and have problems with some larger weapons.
You are somewhat resistant to further mutation.


Message History

Grinder gestures at you.
You suddenly lose the ability to move!
Grinder gestures at you. Pain shoots through your body!
Grinder gestures at you. Pain shoots through your body!
* * * LOW HITPOINT WARNING * * *
You can move again.
Unknown command.
You aren't carrying any potions.
That item cannot be evoked!
Unknown command.
Throwing (i - inventory):
e - a tomahawk of dispersal (quivered)
Press: ? - help, Shift-Dir - straight line, f/p - Grinder
Aim: Grinder (heavily wounded)
You throw a tomahawk of dispersal.
The tomahawk of dispersal closely misses Grinder.
Grinder gestures at you. Pain shoots through your body!
You die...

############.## .....# #.#
####.# #.# #.# #.. #.# ###
## #.# .. #.# .###.
#.##################...5..
#............@.5......#
####################.## #


You could see Grinder.

Vanquished Creatures
  3 gnolls (D:3)
  4 adders
  2 oozes (D:1)
  3 worms
  A dart slug (D:1)
  A leopard gecko (D:2)
  5 orcs (D:3)
  6 bats
  A giant cockroach (D:1)
  8 goblins
  7 hobgoblins
  2 jackals (D:2)
  A frilled lizard (D:3)
  8 kobolds
  7 rats
59 creatures vanquished.

Notes
Turn   | Place    | Note
-------+----------+-------------------------------------------
     0 | D:1      | Khazard the Halfling Warper began the quest for the Orb.
     0 | D:1      | Reached XP level 1. HP: 14/14 MP: 3/3
    41 | D:1      | Reached XP level 2. HP: 19/19 MP: 4/4
   198 | D:1      | Learned a level 2 spell: Blink
   201 | D:1      | Learned a level 2 spell: Shroud of Golubria
   232 | D:1      | Reached skill level 3 in Long Blades
   232 | D:1      | Reached XP level 3. HP: 22/24 MP: 2/5
   482 | D:2      | Found a glowing silver altar of Zin.
   490 | D:2      | Found an opulent altar of Gozag.
   783 | D:2      | Found a hazy altar of Hepliaklqana.
   941 | D:2      | Reached XP level 4. HP: 28/29 MP: 6/6
  1145 | D:2      | Found a basalt altar of Yredelemnul.
  1206 | D:3      | Found a blossoming altar of Fedhas.
  1218 | D:3      | Found a snail-covered altar of Cheibriados.
  1220 | D:3      | Found an iron altar of Okawaru.
  1221 | D:3      | Found a glowing golden altar of the Shining One.
  1225 | D:3      | Became a worshipper of Cheibriados the Contemplative
  1230 | D:3      | Found a radiant altar of Vehumet.
  1344 | D:3      | Reached XP level 5. HP: 14/34 MP: 7/7
  1350 | D:3      | Reached skill level 4 in Long Blades
  1365 | D:3      | Reached * piety under Cheibriados
  1600 | D:3      | Noticed Grinder
  1631 | D:3      | Paralysed by Grinder for 7 turns
  1651 | D:3      | Paralysed by Grinder for 7 turns
  1658 | D:3      | Killed from afar by Grinder

Vault maps used:
D:1:      minmay_arrival_arboretum_small
D:2:      grunt_temple_overflow_gold_and_silver, overflow_temple_1_default,
          nicolae_overflow_crystal_walls, first_bread
D:3:      lemuel_round_altar, minitemple, uniq_grinder

Skill      XL: |  1  2  3  4  5 |
---------------+----------------+-----
Long Blades    | 3 4 |  4.1
Dodging        | 3 |  3.7
Fighting       | 2 |  2.0
Throwing       | |  1.0
Armour         | |  1.4
Spellcasting   | |  1.5
Translocations | |  3.2
Invocations    | |  0.4

Action                   |  1- 3 |  4- 6 || total
-------------------------+-------+-------++-------
Melee: Falchion          |    44 |       ||    44
       Long sword        |    31 |   124 ||   155
Throw: Tomahawk          |       |     5 ||     5
       Throwing net      |       |     1 ||     1
 Cast: Shroud of Golubri |     2 |       ||     2
       Blink             |       |     4 ||     4
  Use: Scroll            |       |     3 ||     3
       Potion            |       |     3 ||     3
  Eat: Chunk             |       |     2 ||     2
       Bread ration      |       |     1 ||     1
Armor: Leather armour    |     1 |       ||     1
       Ring mail         |    10 |    51 ||    61
Dodge: Dodged            |    50 |    93 ||   143
       Rpst.: Falchion   |     7 |       ||     7
       Long sword        |     3 |    28 ||    31
